 Dungeon Crawl Stone Soup version 0.18.1-48-g4cf74bf (webtiles) character file.

12481 Jerry the Bludgeoner (level 11, 0/80 HPs)
             Began as a Minotaur Gladiator on Aug 13, 2016.
             Was a High Priest of Okawaru.
             Slain by a boulder beetle (23 damage)
             ... on level 1 of the Lair of Beasts.
             The game lasted 01:08:42 (12085 turns).

Jerry the Bludgeoner (Minotaur Gladiator)          Turns: 12085, Time: 01:08:43

Health: 0/80       AC: 18    Str: 24    XL:     11   Next: 63%
Magic:  14/14      EV: 11    Int:  5    God:    Okawaru [*****.]
Gold:   233        SH:  0    Dex: 19    Spells: 1 memorised, 8 levels left

rFire  . . .     SeeInvis .     j - +2 flail (crush)
rCold  + . .     Gourm    .     I - +1 chain mail {rC+}
rNeg   . . .     Faith    .     (no shield)
rPois  .         Spirit   .     c - +1 hat
rElec  .         Dismiss  .     (no cloak)
rCorr  .         Reflect  .     g - +0 pair of gloves
SustAt +         Harm     .     F - +0 pair of boots
MR     .....                    (no amulet)
Stlth  ..........               G - +5 ring of dexterity
                                A - ring of sustain attributes

@: not resistant to hostile enchantments, extremely unstealthy
A: retaliatory headbutt, horns 2, talons 1, strong 2, wild magic 1, evolution 1
a: Heroism, Finesse, Renounce Religion


You were on level 1 of the Lair of Beasts.
You worshipped Okawaru.
Okawaru was extremely pleased with you.
You were not hungry.

You visited 2 branches of the dungeon, and saw 12 of its levels.

You collected 653 gold pieces.
You spent 420 gold pieces at shops.

Inventory:

Hand Weapons
 j - a +2 flail of crushing (weapon)
 y - a +0 whip of flaming
 K - a +2 morningstar
Missiles
 s - 4 steel javelins (quivered)
 z - 4 tomahawks
 L - 8 exploding tomahawks
 P - 5 steel tomahawks
Armour
 c - a +1 hat (worn)
 g - a +0 pair of gloves (worn)
 k - a +0 shield
 D - a +0 plate armour
 F - a +0 pair of boots (worn)
 I - a +1 chain mail of cold resistance (worn)
Jewellery
 b - an uncursed amulet of magic regeneration
 d - an uncursed ring of ice
 A - a ring of sustain attributes (left hand)
 G - a +5 ring of dexterity (right hand)
Wands
 e - a wand of slowing (29/48)
 u - a wand of heal wounds (7/9)
 B - a wand of digging (8/24)
 C - a wand of iceblast (13/15)
 U - a wand of acid (4/15)
Scrolls
 a - a scroll of identify
 i - 4 scrolls of remove curse
 x - a scroll of fog
 E - 2 scrolls of enchant weapon
Potions
 m - 2 potions of flight
 n - 2 potions of magic
 o - 3 potions of heal wounds {unknown}
 t - 3 potions of agility
 v - 2 potions of curing
 H - a potion of cure mutation
 J - a potion of ambrosia {unknown}
 O - a potion of mutation {unknown}
Books
 M - a book of Burglary

   Spells                             Type                      Level
   a - Swiftness                      Charms/Air                   2
   b - Passwall                       Transmutation/Earth          2
   c - Passage of Golubria            Translocation                4
   d - Lee's Rapid Deconstruction     Earth                        5
   e - Darkness                       Hexes                        6
   f - Invisibility                   Hexes                        6
 N - a book of Air

   Spells                             Type                      Level
   a - Shock                          Conjuration/Air              1
   b - Swiftness                      Charms/Air                   2
   c - Repel Missiles                 Charms/Air                   2
   d - Static Discharge               Conjuration/Air              3
   e - Lightning Bolt                 Conjuration/Air              5
 T - a book of Annihilations

   Spells                             Type                      Level
   a - Poison Arrow                   Conjuration/Poison           6
   b - Chain Lightning                Conjuration/Air              8
   c - Lehudib's Crystal Spear        Conjuration/Earth            8
   d - Glaciate                       Conjuration/Ice              9
   e - Fire Storm                     Conjuration/Fire             9
Comestibles
 f - 6 bread rations
 h - 2 fruits
 p - 5 meat rations
 R - 6 beef jerkies
 S - 10 slices of pizza


   Skills:
 - Level 2.4 Fighting
 + Level 15.0 Maces & Flails
 - Level 4.2 Throwing
 - Level 13.4 Armour
 - Level 3.2 Dodging
 + Level 5.4 Invocations


You had 8 spell levels left.
You knew the following spells:

 Your Spells              Type           Power        Failure   Level  Hunger
a - Swiftness             Chrm/Air       #.......     100%        2    ###....


Dungeon Overview and Level Annotations

Branches:
Dungeon (11/15)            Temple (0/1) D:4            Lair (1/8) D:8
    Orc (0/2) D:9

Altars:
Ashenzari
Dithmenos
Elyvilon
Fedhas
Makhleb
Okawaru
Pakellas
Ru
Trog
Vehumet
Xom
The Shining One

Shops:
D:4 !(%?   D:7 (

Annotations:
Lair:1 Sonja


Innate Abilities, Weirdness & Mutations

You reflexively headbutt those who attack you in melee.
You have a pair of horns on your head.
You have sharp toenails.
Your muscles are very strong. (Str +4)
Your spells are a little harder to cast, but a little more powerful.
You evolve.


Message History

The boulder beetle bites you!
You hit the boulder beetle. You headbutt the boulder beetle.
The boulder beetle is moderately wounded.
You sock the boulder beetle!
Your headbutt misses the boulder beetle.
The boulder beetle is severely wounded.
You hit the boulder beetle but do no damage.
The boulder beetle is severely wounded.
The boulder beetle bites you!
* * * LOW HITPOINT WARNING * * *
You are too injured to fight recklessly!
You are too injured to fight recklessly!
You are too injured to fight recklessly!
You are too injured to fight recklessly!
You hit the boulder beetle but do no damage.
The boulder beetle is severely wounded.
You sock the boulder beetle!
The boulder beetle is severely wounded.
The boulder beetle bites you!!
You die...

.##########
###+.##.............
.# #
##...#..............
.#
#.#.....###.####......
.# #.⌠.>.⌠# ###
#.>.... .# ##.....#
#...... .# # ##.⌠.##
#...... .## #.P##.##.#
#...... .....
.........# #......
..... ...|...@## .....
........B...... .....
............... .....
...#.#+#.#+.### ###..
.. #. .. .. . # ### #.


You could see a boulder beetle.

Vanquished Creatures
  Fannar (D:10)
  Erolcha (D:8)
  A hill giant (D:7)
  A spiny frog (Lair:1)
  A rime drake (Lair:1)
  2 trolls
  A wyvern (D:8)
  13 yaks
  A human (D:7)
  3 hippogriffs
  A steam dragon (D:8)
  A hungry ghost (D:10)
  2 insubstantial wisps (D:8)
  6 water moccasins
  2 hell hounds (D:8)
  A swamp drake (D:9)
  A porcupine (Lair:1)
  2 black bears
  5 sky beasts
  3 ice beasts
  3 orc warriors
  A phantom (D:8)
  A necrophage (D:9)
  3 ogres
  5 centaurs
  3 crocodiles (Lair:1)
  2 big kobolds
  Blork the orc (D:4)
  3 giant frogs
  4 killer bees (D:10)
  9 wights
  2 howler monkeys
  5 jellies
  5 crimson imps
  2 centaur zombies
  2 giant frog skeletons
  7 hounds
  2 quasits
  7 orc priests
  15 orc wizards
  A centaur skeleton (D:5)
  Natasha (thrice) (D:3)
  3 iguanas
  Ijyb (D:3)
  12 worker ants
  4 sheep (D:7)
  4 hound skeletons
  Robin (D:3)
  A howler monkey skeleton (D:5)
  A gnoll (D:1)
  7 adders
  10 river rats (Lair:1)
  2 shadow imps
  An ooze (D:1)
  An adder zombie (D:6)
  3 worms
  3 dart slugs
  5 giant geckos
  40 orcs
  A ball python (D:1)
  3 giant cockroaches
  13 goblins
  8 hobgoblins
  15 jackals
  17 kobolds
  5 quokkas
  7 bats
  2 giant gecko zombies
  3 giant newts
  A quokka zombie (D:5)
  5 rats
  A butterfly (D:3)
315 creatures vanquished.

Vanquished Creatures (others)
  A fungus (Lair:1)
1 creature vanquished.

Grand Total: 316 creatures vanquished

Notes
Turn   | Place    | Note
--------------------------------------------------------------
     0 | D:1      | Jerry the Minotaur Gladiator began the quest for the Orb.
     0 | D:1      | Reached XP level 1. HP: 18/18 MP: 0/0
   198 | D:1      | Reached XP level 2. HP: 18/25 MP: 1/1
   330 | D:1      | Reached skill level 4 in Maces & Flails
   538 | D:1      | Reached XP level 3. HP: 22/30 MP: 2/2
   917 | D:2      | Found a radiant altar of Vehumet.
   997 | D:2      | Reached XP level 4. HP: 36/37 MP: 3/3
  1026 | D:2      | Reached skill level 5 in Maces & Flails
  1254 | D:2      | Found a shattered altar of Ashenzari.
  1343 | D:2      | Found a glowing golden altar of the Shining One.
  1489 | D:3      | Noticed Natasha
  1501 | D:3      | Killed Natasha
  1529 | D:3      | Noticed Robin
  1544 | D:3      | Reached XP level 5. HP: 38/42 MP: 4/4
  1558 | D:3      | Killed Robin
  1640 | D:3      | Noticed Natasha
  1651 | D:3      | Killed Natasha
  1929 | D:3      | Noticed Natasha
  1934 | D:3      | Killed Natasha
  1934 | D:3      | Reached skill level 6 in Maces & Flails
  1934 | D:3      | Reached skill level 1 in Armour
  2022 | D:3      | Found a shadowy altar of Dithmenos.
  2227 | D:3      | Noticed Ijyb
  2234 | D:3      | Killed Ijyb
  2279 | D:3      | Found a shimmering altar of Xom.
  2445 | D:4      | Reached XP level 6. HP: 48/50 MP: 5/5
  2492 | D:4      | Found Xuzutup's Magic Scroll Shoppe.
  2582 | D:4      | Found Viabburo's Food Shoppe.
  2642 | D:4      | Found an iron altar of Okawaru.
  2657 | D:4      | Became a worshipper of Warmaster Okawaru
  2721 | D:4      | Found Uhey's Distillery.
  3004 | D:4      | Found a staircase to the Ecumenical Temple.
  3042 | D:4      | Found Tuos's Weapon Emporium.
  3080 | D:4      | Noticed Blork the orc
  3090 | D:4      | Killed Blork the orc
  3090 | D:4      | Reached skill level 7 in Maces & Flails
  3113 | D:4      | Reached XP level 7. HP: 38/56 MP: 6/6
  3617 | D:5      | Entered Level 5 of the Dungeon
  3684 | D:5      | Reached * piety under Okawaru
  3684 | D:5      | Reached skill level 5 in Armour
  3697 | D:5      | Reached skill level 8 in Maces & Flails
  4324 | D:5      | Found a blossoming altar of Fedhas.
  4560 | D:6      | Reached XP level 8. HP: 60/62 MP: 7/7
  4959 | D:6      | Reached skill level 9 in Maces & Flails
  5148 | D:6      | Reached ** piety under Okawaru
  5437 | D:6      | Found a sacrificial altar of Ru.
  5437 | D:6      | Found a white marble altar of Elyvilon.
  5565 | D:7      | Reached skill level 10 in Maces & Flails
  5748 | D:7      | You fall through a shaft for 3 floors!
  5748 | D:10     | Entered Level 10 of the Dungeon
  5785 | D:10     | Noticed a troll
  5913 | D:10     | Killed a troll
  5913 | D:10     | Reached XP level 9. HP: 19/68 MP: 8/8
  6295 | D:10     | Noticed Fannar
  6341 | D:10     | Killed Fannar
  6341 | D:10     | Reached *** piety under Okawaru
  6341 | D:10     | Reached skill level 11 in Maces & Flails
  6341 | D:10     | Reached skill level 10 in Armour
  6742 | D:10     | Received a gift from Okawaru
  6847 | D:10     | Noticed a gargoyle
  6912 | D:10     | Noticed a hill giant
  7013 | D:9      | Reached skill level 12 in Maces & Flails
  7065 | D:9      | Found an oddly glowing altar of Pakellas.
  7112 | D:8      | Received a gift from Okawaru
  7279 | D:8      | Reached XP level 10. HP: 70/74 MP: 9/9
  7293 | D:8      | Learned a level 2 spell: Swiftness
  7581 | D:7      | Gained mutation: Your muscles are strong. (Str +2) [mutagenic meat]
  7582 | D:7      | Gained mutation: You evolve. [mutagenic meat]
  7583 | D:7      | Gained mutation: You tend to lose your temper in combat. [mutagenic meat]
  7584 | D:7      | Lost mutation: You tend to lose your temper in combat. [mutagenic meat]
  7585 | D:7      | Gained mutation: Your spells are a little harder to cast, but a little more powerful. [mutagenic meat]
  7811 | D:7      | Reached **** piety under Okawaru
  8062 | D:7      | Noticed a hill giant
  8079 | D:7      | Killed a hill giant
  8079 | D:7      | Reached skill level 13 in Maces & Flails
  8079 | D:7      | Reached skill level 1 in Invocations
  8103 | D:7      | Found Ickery's Weapon Boutique.
  8237 | D:7      | Found a bloodstained altar of Trog.
  8474 | D:8      | Noticed Erolcha
  8488 | D:8      | Killed Erolcha
  8488 | D:8      | Received a gift from Okawaru
  8491 | D:8      | Reached ***** piety under Okawaru
  8521 | D:8      | HP: 2/74 [hell hound (7)]
  8615 | D:8      | HP: 2/111 [something (6)]
  9026 | D:8      | Found a staircase to the Lair.
  9137 | D:8      | Reached skill level 14 in Maces & Flails
  9211 | D:4      | Bought a potion of beneficial mutation for 420 gold pieces
  9211 | D:4      | Gained mutation: Your muscles are very strong. (Str +4) [potion of beneficial mutation]
  9375 | D:8      | Received a gift from Okawaru
  9375 | D:8      | Reached XP level 11. HP: 73/80 MP: 11/11
  9525 | D:9      | Found a burning altar of Makhleb.
 10528 | D:9      | Found a staircase to the Orcish Mines.
 11221 | Lair:1   | Entered Level 1 of the Lair of Beasts
 11377 | D:8      | Received a gift from Okawaru
 11420 | D:8      | Gained mutation: You have sharp toenails. [evolution]
 11844 | Lair:1   | Noticed Sonja
 11906 | Lair:1   | Reached skill level 5 in Invocations
 11930 | Lair:1   | Reached skill level 15 in Maces & Flails
 12085 | Lair:1   | Slain by a boulder beetle

Skill      XL: |  1  2  3  4  5  6  7  8  9 10 11 |
---------------+----------------------------------+-----
Maces & Flails | 4 5 6 7 8 10 12 14 15 | 15.0
Throwing       | 3 4 |  4.2
Armour         | 1 4 6 9 11 13 | 13.4
Invocations    | 1 5 |  5.4
Fighting       | |  2.4
Dodging        | |  3.2

Action                   |  1- 3 |  4- 6 |  7- 9 | 10-12 || total
-------------------------+-------+-------+-------+-------++-------
Melee: Flail             |    57 |       |   197 |   252 ||   506
       Headbutt          |     8 |    32 |    64 |   121 ||   225
       Whip              |    14 |   150 |   122 |   247 ||   533
Throw: Throwing net      |     1 |     5 |     1 |       ||     7
       Javelin           |       |     3 |       |    17 ||    20
       Tomahawk          |       |       |     2 |    15 ||    17
Invok: Heroism           |       |       |       |     4 ||     4
Evoke: Wand              |       |       |     3 |     3 ||     6
  Use: Scroll            |       |       |    13 |     7 ||    20
       Potion            |       |       |     2 |     9 ||    11
 Stab: Held in net/web   |       |     5 |       |       ||     5
  Eat: Chunk             |       |     7 |     9 |    22 ||    38
       Pizza             |       |       |     1 |       ||     1
       Beef jerky        |       |       |     3 |       ||     3
Armor: Leather armour    |    21 |       |       |       ||    21
       Ring mail         |     5 |    29 |    22 |       ||    56
       Chain mail        |       |       |   163 |   163 ||   326
Dodge: Dodged            |    49 |    81 |   141 |   170 ||   441
